 Dungeon Crawl Stone Soup version 0.25-a0-478-g33c61bd (webtiles) character file.

Game seed: 16019467064590242853, levelgen mode: deterministic

97 Crocosaw the Insei (level 4, -6/34 HPs)
             Began as a Gnoll Transmuter on Feb 8, 2020.
             Killed by nerve-wracking pain
             ... invoked by a shadow imp
             ... summoned by Natasha
              (13 damage)
             ... on level 2 of the Dungeon.
             The game lasted 00:06:40 (1754 turns).

Crocosaw the Insei (Gnoll Transmuter)               Turns: 1754, Time: 00:06:41

Health: -6/34      AC:  2    Str: 14    XL:     4   Next: 68%
Magic:  8/11       EV: 15    Int: 15    God:
Gold:   116        SH:  0    Dex: 15    Spells: 7/13 levels left

rFire    . . .     SeeInvis .     - Unarmed
rCold    . . .     Gourm    .   (no shield)
rNeg     . . .     Faith    .   b - +0 robe
rPois    .         Spirit   .   (no helmet)
rElec    .         Reflect  .   (no cloak)
rCorr    .         Harm     .   (no gloves)
MR       .....                  (no boots)
Stlth    ++........             (no amulet)
HPRegen  0.11/turn              (no ring)
MPRegen  0.12/turn              (no ring)

@: appendage (expiring), slowed, very slow
A: distributed training, fangs 1, horns 2, strong nose
a: End Transformation


You were on level 2 of the Dungeon.
You were not hungry.
You had grown temporary horns.
You visited 1 branch of the dungeon, and saw 2 of its levels.

You collected 116 gold pieces.

Inventory:

Missiles
 a - 8 arrows
 i - 6 curare-tipped darts (quivered)
Armour
 b - a +0 robe (worn)
Jewellery
 g - an uncursed ring of positive energy {unknown}
 h - an uncursed ring of magical power {unknown}
Scrolls
 e - a scroll of magic mapping {unknown}
 j - a scroll of teleportation {unknown}
 l - a scroll of amnesia {unknown}
Potions
 c - a potion of heal wounds
 f - a potion of berserk rage {unknown}
Comestibles
 d - 3 rations
 k - a chunk of flesh


   Skills:
 + Level 2.8 Fighting
 + Level 1.2 Short Blades
 + Level 1.2 Long Blades
 + Level 1.2 Axes
 + Level 1.2 Maces & Flails
 + Level 1.2 Polearms
 + Level 1.2 Staves
 + Level 1.2 Slings
 + Level 1.2 Bows
 + Level 1.2 Crossbows
 + Level 1.2 Throwing
 + Level 1.2 Armour
 + Level 4.6 Dodging
 + Level 1.2 Stealth
 + Level 1.2 Shields
 + Level 6.6 Unarmed Combat
 + Level 5.1 Spellcasting
 + Level 1.0 Conjurations
 + Level 1.0 Hexes
 + Level 1.0 Charms
 + Level 1.0 Summonings
 + Level 1.0 Necromancy
 + Level 1.0 Translocations
 + Level 3.8 Transmutations
 + Level 1.0 Fire Magic
 + Level 1.0 Ice Magic
 + Level 1.0 Air Magic
 + Level 1.0 Earth Magic
 + Level 1.0 Poison Magic
 + Level 1.3 Invocations
 + Level 1.2 Evocations


You had 7 spell levels left.
You knew the following spells:

 Your Spells              Type           Power        Failure   Level  Hunger
a - Beastly Appendage     Tmut           ###...       3%          1    None
b - Spider Form           Tmut/Pois      ##........   19%         3    ###....
c - Sticks to Snakes      Tmut           ###.....     4%          2    ##.....

Your spell library contained the following spells:

 Spells                   Type           Power        Failure   Level  Hunger
 Ice Form                 Ice/Tmut       ##......     52%         4    ####...
 Blade Hands              Tmut           ###.......   67%         5    ######.


Dungeon Overview and Level Annotations

Branches:
Dungeon (2/15)

Altars:

Annotations:
D:2 Natasha


Innate Abilities, Weirdness & Mutations

Your experience applies equally to all skills.
You have very sharp teeth.
Your uncanny sense of smell can sniff out nearby items.
You have a pair of horns on your head.


Message History

You feel yourself slow down.
Your ball python completely misses Natasha.
Your ball python bites Natasha but does no damage.
Your ball python constricts Natasha.
Natasha struggles to escape constriction.
Your ball python bites Natasha.
Your ball python bites Natasha but does no damage.
Your ball python constricts Natasha.
A kobold comes into view. It is wielding a +0 short sword.
Natasha drinks a potion.
Natasha is healed!
Your ball python bites Natasha but does no damage.
Your ball python barely misses Natasha.
Your ball python constricts Natasha.
Your ball python bites Natasha.
Natasha struggles to escape constriction.
Your transformation is almost over.
Natasha casts a spell.
The shadow imp hits your ball python.
Your ball python barely misses Natasha. x2
The shadow imp gestures at you. Pain shoots through your body!
You die...

###...### ##.......#
....... #..≈≈....# .......
###.≈≈≈≈≈..# K......
#...≈≈≈≈≈...
#....#.#########...≈≈≈≈≈..#
#............÷.....≈≈≈≈≈.##
##.....####.........≈≈≈....
#......h..@.#.##...........
...#...###.#.##.....#...<.
#5S.##........##.##.#..
##........######......)
#...Sh.#.# #....>..
##..#...>.. ##......
.>....#..... #......
......####.###..#.......
........ ... ...###.##


You could see Natasha and a shadow imp.

Vanquished Creatures
  Natasha (D:2)
  An ooze (D:1)
  2 dart slugs (D:1)
  3 leopard geckos (D:1)
  3 giant cockroaches
  5 goblins (D:1)
  A hobgoblin (D:1)
  3 jackals
  6 bats
  15 frilled lizards (D:1)
  5 kobolds (D:1)
  5 rats
50 creatures vanquished.

Vanquished Creatures (collateral kills)
  Natasha (D:2)
1 creature vanquished.

Vanquished Creatures (others)
  A jackal (D:2)
1 creature vanquished.

Grand Total: 52 creatures vanquished

Notes
Turn   | Place    | Note
-------+----------+-------------------------------------------
     0 | D:1      | Crocosaw the Gnoll Transmuter began the quest for the Orb.
     0 | D:1      | Reached XP level 1. HP: 17/17 MP: 6/6
   208 | D:1      | Reached XP level 2. HP: 20/23 MP: 5/7
   458 | D:1      | Reached XP level 3. HP: 28/28 MP: 9/9
   510 | D:1      | Reached skill level 5 in Spellcasting
  1155 | D:1      | Reached skill level 1 in Invocations
  1179 | D:1      | Learned a level 3 spell: Spider Form
  1202 | D:1      | Reached skill level 1 in Short Blades
  1202 | D:1      | Reached skill level 1 in Long Blades
  1202 | D:1      | Reached skill level 1 in Axes
  1202 | D:1      | Reached skill level 1 in Maces & Flails
  1202 | D:1      | Reached skill level 1 in Polearms
  1202 | D:1      | Reached skill level 1 in Staves
  1202 | D:1      | Reached skill level 1 in Slings
  1202 | D:1      | Reached skill level 1 in Bows
  1202 | D:1      | Reached skill level 1 in Crossbows
  1202 | D:1      | Reached skill level 1 in Throwing
  1202 | D:1      | Reached skill level 1 in Armour
  1202 | D:1      | Reached skill level 1 in Stealth
  1202 | D:1      | Reached skill level 1 in Shields
  1202 | D:1      | Reached skill level 1 in Evocations
  1617 | D:2      | Noticed Natasha
  1622 | D:2      | Killed Natasha
  1622 | D:2      | Reached XP level 4. HP: 26/34 MP: 7/11
  1637 | D:2      | Learned a level 2 spell: Sticks to Snakes
  1650 | D:2      | Noticed Natasha
  1667 | D:2      | Killed Natasha
  1667 | D:2      | Reached skill level 1 in Conjurations
  1667 | D:2      | Reached skill level 1 in Hexes
  1667 | D:2      | Reached skill level 1 in Charms
  1667 | D:2      | Reached skill level 1 in Summonings
  1667 | D:2      | Reached skill level 1 in Necromancy
  1667 | D:2      | Reached skill level 1 in Translocations
  1667 | D:2      | Reached skill level 1 in Fire Magic
  1667 | D:2      | Reached skill level 1 in Ice Magic
  1667 | D:2      | Reached skill level 1 in Air Magic
  1667 | D:2      | Reached skill level 1 in Earth Magic
  1667 | D:2      | Reached skill level 1 in Poison Magic
  1740 | D:2      | Noticed Natasha
  1754 | D:2      | Killed from afar by a shadow imp

Levels and vault maps discovered:
D:1:      matt_arrival_spirals, layout_loops_ring, minivault_14,
          minmay_pentomino_p2
D:2:      layout_rooms, grunt_temple_overflow_opulence, old_standard_altar,
          minmay_lizard_pond, uniq_natasha

Skill      XL: |  1  2  3  4 |
---------------+-------------+-----
Spellcasting   | 5 |  5.1
Invocations    | 1 |  1.3
Short Blades   | 1 |  1.2
Long Blades    | 1 |  1.2
Axes           | 1 |  1.2
Maces & Flails | 1 |  1.2
Polearms       | 1 |  1.2
Staves         | 1 |  1.2
Slings         | 1 |  1.2
Bows           | 1 |  1.2
Crossbows      | 1 |  1.2
Throwing       | 1 |  1.2
Armour         | 1 |  1.2
Stealth        | 1 |  1.2
Shields        | 1 |  1.2
Evocations     | 1 |  1.2
Conjurations   | 1 |  1.0
Hexes          | 1 |  1.0
Charms         | 1 |  1.0
Summonings     | 1 |  1.0
Necromancy     | 1 |  1.0
Translocations | 1 |  1.0
Fire Magic     | 1 |  1.0
Ice Magic      | 1 |  1.0
Air Magic      | 1 |  1.0
Earth Magic    | 1 |  1.0
Poison Magic   | 1 |  1.0
Fighting       | |  2.8
Dodging        | |  4.6
Unarmed Combat | |  6.6
Transmutations | |  3.8

Action                   |  1- 3 |  4- 6 || total
-------------------------+-------+-------++-------
Melee: Unarmed           |   120 |    10 ||   130
       Kick              |    10 |       ||    10
       Bite              |     9 |       ||     9
       Punch             |     2 |       ||     2
       Headbutt          |     3 |     1 ||     4
 Cast: Beastly Appendage |    12 |     2 ||    14
       Spider Form       |     2 |       ||     2
       Sticks to Snakes  |       |     4 ||     4
 Stab: Sleeping          |     1 |       ||     1
  Eat: Chunk             |     2 |     1 ||     3
Armor: Robe              |    28 |     1 ||    29
       Skin              |     1 |       ||     1
Dodge: Dodged            |   165 |    17 ||   182

Table legend:
 A = Non-vault XP
 B = Vault XP
 C = Vault XP percentage of total XP
 D = Non-vault monster count
 E = Vault monster count
 F = Vault count percentage of total count
                 A         B        C        D         E       F
            +---------+---------+-------+---------+---------+-------
      Total |      91 |      48 |  34.5 |      38 |      13 |  25.5
            +---------+---------+-------+---------+---------+-------
        D:1 |      63 |      13 |  17.1 |      33 |      12 |  26.7
        D:2 |      28 |      35 |  55.6 |       5 |       1 |  16.7
            +---------+---------+-------+---------+---------+-------
